 Dungeon Crawl Stone Soup version 0.18-a0-1109-gfc003ac (webtiles) character file.

2855 truemonolith the Fighter (level 9, 2/96 HPs)
             Began as a Deep Dwarf Fighter on Jan 16, 2016.
             Was a Believer of Makhleb.
             Quit the game on level 6 of the Dungeon.
             The game lasted 00:21:47 (5606 turns).

truemonolith the Fighter (Deep Dwarf Fighter)       Turns: 5606, Time: 00:21:47

Health: 2/96       AC: 11    Str: 20    XL:     9   Next: 46%
Magic:  9/9        EV:  5    Int: 10    God:    Makhleb [**....]
Gold:   260        SH:  9    Dex: 14    Spells: 0 memorised, 8 levels left

rFire  . . .     SeeInvis .     a - +1 war axe
rCold  . . .     Gourm    .     r - +0 chain mail
rNeg   . . .     Faith    .     c - +0 shield
rPois  +         Spirit   .     (helmet restricted)
rElec  .         Dismiss  .     (no cloak)
rCorr  .         Reflect  .     (no gloves)
SustAt .         Harm     .     y - +0 pair of boots
MR     ++...                    j - amulet of magic regeneration
Stlth  ..........               (no ring)
                                (no ring)

@: very slightly contaminated, non-regenerating, very resistant to hostile
enchantments, extremely unstealthy
A: damage resistance, recharge devices, horns 1, rugged brown scales 1, magic
resistance 1, sense surroundings 2, poison resistance, slow regeneration 3
a: Device Recharging, Minor Destruction, Renounce Religion


You were on level 6 of the Dungeon.
You worshipped Makhleb.
Makhleb was pleased with you.
You were very hungry.

You visited 1 branch of the dungeon, and saw 7 of its levels.
You also visited: Sewer.

You collected 260 gold pieces.

Inventory:

Hand Weapons
 a - a +1 war axe (weapon)
Armour
 c - a +0 shield (worn)
 r - a +0 chain mail (worn)
 y - a +0 pair of boots (worn)
Jewellery
 j - an amulet of magic regeneration (around neck)
 C - a +2 amulet of reflection {unknown}
Wands
 e - a wand of heal wounds (0/9)
 l - a wand of draining (10/15)
 x - a wand of random effects (28/48)
 B - a wand of fireball (6/15)
Scrolls
 b - 3 scrolls of amnesia
 g - 4 scrolls of identify
 h - a scroll of teleportation
 m - 4 scrolls of enchant weapon
 n - a scroll of immolation {unknown}
 o - 5 scrolls of magic mapping
 w - 2 scrolls of remove curse
Potions
 d - 2 potions of might
 i - a potion of poison {unknown}
 p - a potion of heal wounds {unknown}
 s - a potion of agility
 t - a potion of brilliance {unknown}
 u - 5 potions of magic
 z - a potion of invisibility {unknown}
Comestibles
 f - 5 bread rations
 k - 5 meat rations
 q - a slice of pizza
 v - 2 beef jerkies


   Skills:
 + Level 10.7 Fighting
 - Level 7.5 Axes
 - Level 3.2 Armour
 - Level 3.2 Shields


You had 8 spell levels left.
You didn't know any spells.

Dungeon Overview and Level Annotations

Branches:
Dungeon (7/15)             Temple (0/1) D:6

Altars:
Ashenzari
Makhleb
Pakellas
Qazlal
Sif Muna
Trog
Vehumet
Xom

Shops:
D:5 !

Annotations:
D:6 exclusion: statue


Innate Abilities, Weirdness & Mutations

You are resistant to damage.
You can recharge devices by infusing magical energy.
You passively map the area around you.
You do not regenerate naturally.
You have a pair of small horns on your head.
You are partially covered in rugged brown scales (AC +1, +3% HP).
You are resistant to hostile enchantments.
Your system is resistant to poisons.


Message History

You hit the ogre.
The ogre is heavily wounded.
You hit the ogre. You headbutt the ogre.
The ogre is severely wounded.
The ogre hits you with a giant club.
* * * LOW HITPOINT WARNING * * *
Read which item? (? for menu, Esc to quit)
Blink to where?
Press: ? - help, Dir - move target cursor You are very lightly contaminated with residual magic.
As you read the scroll of blinking, it crumbles to dust.
There is an escape hatch in the ceiling here.
Unknown command.
A mysterious force pulls you upwards. The hatch slams shut behind you.
Level annotation: exclusion: statue Unknown command.
The orc shouts!
The hound barks!
There is an open door here.
There is an open door here.
Are you sure you want to abandon this character and quit the game? (Confirm with "yes".)

#...#.# #.# #.#
#...#.# #.# #.#
#._(#.# #.# #.#
#...#.###.# #.# #.8
#.....## #.## ### #,
#......# #..# ##.##
#####..###.#
###'###.#.# ......##
#.#####.....##.##
##.####
#.....#@⌠.⌠.##.# ..##
######.'..>..'..# ###
###....#.#.⌠.⌠.#..#
##......'.#.....##.#
###
##.......#####'####.#
..###.....#### #.#
#.# ####....### #.#
#.# ##...### *
#.####.# #....##h. *
#......#


There were no monsters in sight!

Vanquished Creatures
  The ghost of st0uf the Grave Robber, an amateur DsNe (D:6)
  The ghost of 4thArraOfDagon the Chopper, an amateur HOBe of Trog (D:5)
  The ghost of namelastname112 the Ruffian, an amateur DrWz (D:3)
  A water moccasin (D:6)
  2 ice beasts (D:5)
  A phantom (D:6)
  4 sky beasts
  A wasp (D:7)
  An ogre (D:4)
  A centaur (D:7)
  5 giant frogs
  6 killer bees (D:7)
  A crimson imp (D:5)
  3 orc priests
  2 hounds (D:6)
  10 orc wizards
  Ijyb (D:2)
  Terence (D:3)
  2 worker ants
  A hound zombie (D:5)
  11 adders
  A river rat (D:4)
  3 oozes
  An adder skeleton (D:6)
  3 worms
  7 giant geckos
  32 orcs
  6 giant cockroaches
  8 goblins
  6 hobgoblins
  12 jackals
  3 quokkas
  3 ball pythons
  5 bats
  7 giant newts
  A jackal skeleton (D:6)
  A jackal zombie (D:7)
  8 kobolds
  A quokka skeleton (D:6)
  10 rats
175 creatures vanquished.

Notes
Turn   | Place    | Note
--------------------------------------------------------------
     0 | D:1      | truemonolith the Deep Dwarf Fighter began the quest for the Orb.
     0 | D:1      | Reached XP level 1. HP: 20/20 MP: 1/1
   112 | D:1      | Reached XP level 2. HP: 25/27 MP: 2/2
   888 | D:2      | Reached XP level 3. HP: 33/33 MP: 3/3
   951 | D:2      | Noticed Ijyb
   959 | D:2      | Killed Ijyb
   959 | D:2      | Reached skill level 4 in Axes
   970 | D:2      | Reached XP level 4. HP: 38/40 MP: 4/4
   980 | D:2      | Found a shattered altar of Ashenzari.
  1294 | D:2      | Found a shimmering altar of Xom.
  1301 | D:2      | Reached skill level 5 in Axes
  1329 | D:2      | Gained mutation: You have a pair of small horns on your head. [potion of mutation]
  1329 | D:2      | Gained mutation: You are partially covered in rugged brown scales (AC +1, +3% HP). [potion of mutation]
  1329 | D:2      | Gained mutation: Your system is resistant to poisons. [potion of mutation]
  1522 | D:3      | Reached XP level 5. HP: 24/47 MP: 5/5
  1761 | D:3      | Noticed Terence
  1771 | D:3      | Killed Terence
  1771 | D:3      | Reached skill level 6 in Axes
  1850 | D:3      | Noticed namelastname112's ghost (amateur DrWz)
  1916 | D:3      | Found a burning altar of Makhleb.
  2030 | D:4      | Noticed an ogre
  2035 | D:4      | Killed an ogre
  2045 | D:4      | Gained mutation: You are resistant to hostile enchantments. [potion of beneficial mutation]
  2118 | D:4      | Reached XP level 6. HP: 25/56 MP: 6/6
  2158 | D:4      | Reached skill level 7 in Axes
  2278 | D:4      | Found a deep blue altar of Sif Muna.
  2332 | D:4      | Found a stormy altar of Qazlal.
  2415 | D:4      | Found a glowing drain.
  2458 | Sewer    | Entered a sewer
  3439 | D:3      | Became a worshipper of Makhleb the Destroyer
  3587 | D:3      | Killed namelastname112's ghost
  3731 | D:5      | Entered Level 5 of the Dungeon
  3755 | D:5      | Reached XP level 7. HP: 51/65 MP: 7/7
  3777 | D:5      | Found Daetih's Distillery.
  3810 | D:5      | Noticed 4thArraOfDagon's ghost (amateur HOBe)
  3834 | D:5      | Killed 4thArraOfDagon's ghost
  3834 | D:5      | Reached skill level 5 in Fighting
  3850 | D:5      | Found an oddly glowing altar of Pakellas.
  3989 | D:5      | Reached XP level 8. HP: 35/80 MP: 8/8
  4320 | D:6      | Reached * piety under Makhleb
  4559 | D:6      | Noticed st0uf's ghost (amateur DsNe)
  4563 | D:6      | Reached skill level 8 in Fighting
  4568 | D:6      | Killed st0uf's ghost
  4581 | D:6      | Found a radiant altar of Vehumet.
  4620 | D:6      | Found a staircase to the Ecumenical Temple.
  4724 | D:6      | Reached skill level 9 in Fighting
  4978 | D:6      | Gained mutation: You passively map the area around you. [Deep Dwarf growth]
  4978 | D:6      | Reached XP level 9. HP: 32/94 MP: 9/9
  5155 | D:7      | Reached ** piety under Makhleb
  5222 | D:7      | Reached skill level 10 in Fighting
  5440 | D:7      | Found a bloodstained altar of Trog.
  5485 | D:7      | Found an oddly glowing altar of Pakellas.
  5574 | D:7      | HP: 3/96 [ogre/giant club (19)]
  5606 | D:6      | Quit the game

Vault maps used:
D:1:      lemuel_arrival_behind_the_door_large, serial_forest,
          infiniplex_forest_end_double, infiniplex_forest_clump_tiny,
          infiniplex_forest_clump_small, infiniplex_forest_lined_3,
          infiniplex_forest_fountain, infiniplex_forest_lined_room_2,
          infiniplex_forest_clump_medium, infiniplex_forest_zigzag_1
D:2:      xom_butterflies, nicolae_ashenzari_panopticon, uniq_iyjb
D:3:      nicolae_overflow_hidden_temple, first_bread, uniq_terence
D:4:      wad_crossroads, grunt_qazlal_sundering, overflow_temple_1_default,
          gup_sewer_entry_bubbles
D:5:      serial_shops, shop, grunt_pakellas_salt
D:6:      vehumet_statue, minmay_temple_entry_hall, lightli_corner_chamber
D:7:      old_standard_altar, kennysheep_little_box
Sewer:    sewer_co_scattered_pipes

Action                   |  1- 3 |  4- 6 |  7- 9 || total
-------------------------+-------+-------+-------++-------
Melee: War axe           |    91 |   234 |   264 ||   589
Evoke: Wand              |     1 |     3 |     4 ||     8
  Use: Scroll            |       |     8 |     3 ||    11
       Potion            |       |     9 |     7 ||    16
  Eat: Bread ration      |       |     2 |     1 ||     3
       Chunk             |       |     2 |       ||     2
